Map: Kairos Junction LE

Players

Ziggy

  • Race: Terran Terran
  • Spawn Location: 11:00

RiSky - Winner!

  • Race: Zerg Zerg
  • Spawn Location: 5:00

Event: IEM Season 13: Katowice (2019)

VOD

Have the link to the VOD?

Description

Time

  • Played on: Feb. 25, 2019, 10:45 a.m.
  • Length: 10:44

All games in this series

Show
View Real Time Build Order
Export as new Build Order

Ziggy Terran 

Build Orders:  

Get SALT Encoding   

  12  0:00  SCV  
  13  0:12  SCV  
  14  0:17  Supply Depot  
  14  0:25  SCV  
  15  0:39  SCV  
  15  0:41  Barracks  
  16  0:43  Refinery  
  16  0:51  SCV  
  17  0:59  Barracks  
  17  1:03  SCV  
  18  1:15  SCV  
  19  1:28  Reaper, Orbital Command  
  20  1:35  Barracks  
  20  1:42  Refinery  
  20  1:46  Reaper  
  21  1:52  Supply Depot  
  21  1:56  SCV  
  22  2:03  Reaper  
  23  2:14  SCV  
  24  2:18  Reaper  
  25  2:25  Reaper  
  26  2:35  Reaper  
  27  2:42  Command Center  
  27  2:46  Supply Depot  
  27  2:49  SCV  
  27  2:50  Reaper  
  29  2:57  Reaper  
  30  3:03  SCV  
  31  3:08  Reaper  
  32  3:16  Barracks  
  32  3:21  SCV  
  32  3:22  Reaper  
  33  3:29  Reaper  
  33  3:33  SCV  
  35  3:40  Reaper  
  36  3:43  Barracks  
  36  3:45  SCV  
  37  3:54  Reaper  
  38  4:00  Orbital Command  
  38  4:01  Reaper  
  39  4:03  Reaper  
  39  4:06  SCV  
  41  4:12  Reaper  
  41  4:18  SCV  
  41  4:21  Refinery  
  42  4:26  Reaper, SCV  
  42  4:30  SCV  
  45  4:33  Reaper  
  46  4:38  Reaper  
  46  4:43  Reaper  
  46  4:44  SCV  
  46  4:45  SCV  
  50  4:47  Supply Depot  
  50  4:50  Refinery  
  50  4:53  Reaper  
  50  4:56  SCV  
  52  5:02  Reaper  
  52  5:05  Reaper  
  51  5:08  SCV x2  
  51  5:11  Reaper  
  53  5:18  Reaper  
  53  5:20  SCV x2  
  55  5:25  Reaper  
  56  5:32  SCV x2  
  56  5:34  Reaper  
  58  5:37  Reaper  
  58  5:44  Reaper, SCV  
  58  5:48  SCV  
  61  5:50  Reaper  
  61  5:52  Supply Depot x2  
  60  5:57  Reaper  
  60  5:59  SCV  
  60  6:00  SCV  
  62  6:04  Engineering Bay  
  62  6:13  Reaper x2, Barracks  
  62  6:16  Reaper  
  65  6:23  Reaper  
  65  6:29  Reaper  
  65  6:30  SCV x2  
  65  6:31  Terran Infantry Weapons Level 1  
  66  6:37  Barracks  
  66  6:38  Barracks  
  66  6:44  Supply Depot  
  66  6:45  Reaper x2, SCV x2  
  70  6:48  Reaper  
  71  6:55  Reaper  
  71  7:00  Supply Depot  
  71  7:01  Reaper, SCV x2  
  75  7:08  Reaper  
  75  7:13  SCV x2  
  78  7:18  Reaper x2  
  78  7:20  Reaper  
  80  7:26  Barracks Tech Lab x2, Command Center  
  80  7:27  Reaper  
  81  7:33  Reaper  
  79  7:43  SCV x2  
  81  7:46  Combat Shield  
  81  7:47  Stimpack  
  80  7:54  Factory  
  80  7:55  Marine, SCV, Supply Depot  
  80  7:56  SCV  
  83  8:01  Barracks Tech Lab  
  83  8:04  Barracks Reactor x2  
  81  8:08  SCV x2  
  81  8:09  Barracks Reactor  
  83  8:17  Marauder  
  83  8:18  Marauder, Barracks Tech Lab  
  87  8:20  SCV x2  
  81  8:35  Marine x2  
  81  8:39  Marauder, Factory Tech Lab  
  81  8:40  Orbital Command  
  83  8:43  Marine  
  83  8:44  Marauder  
  84  8:50  Marine x2  
  84  8:51  Marauder  
  87  8:56  Marine x2  
  87  8:57  Marauder  
  87  9:02  Starport, Marine  
  88  9:03  Marauder, Starport, Marine  
  88  9:05  Marine x2  
  88  9:08  Marine  
  93  9:12  Marauder  
  93  9:17  Marine x3  
  91  9:18  Marauder  
  91  9:20  Marine  
  99  9:24  Marauder, SCV x2, Marine x2  
  99  9:25  Marine  
  94  9:33  Marauder  
  94  9:35  Marine  
  94  9:36  Marine  
  79  9:39  SCV x2  
  79  9:44  Marine  
  80  9:51  Medivac  
  81  9:55  Siege Tank  
  81  9:59  Marine x3  
  86  10:03  Medivac  
  86  10:05  SCV  
  88  10:16  Marine x2  
  87  10:24  SCV x2  
Show
View Real Time Build Order
Export as new Build Order

RiSky Zerg - Winner!

Build Orders: Pool First 

Get SALT Encoding   

  12  0:00  Drone  
  13  0:12  Overlord  
  13  0:16  Drone  
  14  0:30  Drone x2  
  16  0:38  Drone  
  17  0:44  Spawning Pool  
  17  0:47  Drone  
  17  1:08  Hatchery  
  17  1:11  Drone  
  17  1:15  Drone  
  18  1:24  Extractor  
  17  1:31  Zergling x4  
  17  1:32  Queen  
  19  1:38  Overlord  
  21  1:48  Drone  
  22  2:00  Drone  
  23  2:02  Roach Warren  
  23  2:08  Queen  
  22  2:10  Drone  
  25  2:26  Queen  
  27  2:41  Roach x2  
  27  2:42  Roach  
  33  2:44  Roach  
  33  2:53  Overlord  
  33  2:55  Roach  
  36  3:05  Drone  
  36  3:06  Overlord  
  36  3:12  Drone  
  37  3:14  Drone  
  37  3:15  Drone  
  37  3:16  Ravager  
  41  3:20  Drone  
  41  3:22  Drone  
  42  3:27  Drone  
  42  3:28  Drone  
  42  3:32  Ravager  
  45  3:35  Drone  
  45  3:36  Drone  
  45  3:38  Drone  
  48  3:42  Roach  
  48  3:45  Drone  
  51  3:48  Drone  
  51  3:54  Overlord  
  52  4:02  Overlord  
  52  4:04  Extractor  
  52  4:05  Drone  
  52  4:12  Drone  
  52  4:13  Roach, Drone x2  
  52  4:14  Roach  
  52  4:15  Drone  
  60  4:22  Drone  
  60  4:23  Drone x2  
  63  4:24  Drone  
  63  4:29  Drone  
  65  4:40  Lair  
  65  4:43  Drone, Hatchery  
  65  4:46  Drone  
  65  4:50  Drone x2  
  65  4:52  Extractor  
  67  4:53  Overlord  
  67  4:54  Drone  
  67  4:59  Overlord  
  69  5:04  Overlord  
  67  5:10  Overlord  
  67  5:13  Roach x2  
  71  5:18  Evolution Chamber  
  71  5:19  Roach x2  
  71  5:20  Hatchery  
  71  5:23  Roach x2  
  73  5:30  Roach x2  
  73  5:35  Queen  
  75  5:42  Roach  
  75  5:43  Roach  
  75  5:44  Glial Reconstitution  
  75  5:48  Overlord  
  75  5:59  Drone  
  75  6:00  Drone x2  
  75  6:01  Overlord, Zerg Ground Armor Level 1  
  75  6:02  Roach  
  80  6:06  Roach x2  
  80  6:10  Queen, Roach  
  88  6:16  Ravager, Overlord  
  89  6:22  Overlord  
  89  6:24  Overlord  
  89  6:29  Roach x2  
  89  6:30  Ravager  
  94  6:34  Drone  
  94  6:35  Drone  
  94  6:36  Drone  
  94  6:38  Extractor  
  94  6:39  Roach  
  98  6:43  Roach  
  98  6:44  Roach x3  
  106  6:52  Roach  
  106  6:53  Roach  
  110  6:55  Roach x2  
  110  7:00  Overlord  
  114  7:05  Overlord  
  114  7:06  Overseer  
  114  7:07  Queen  
  116  7:10  Drone  
  116  7:13  Drone x2  
  119  7:19  Drone  
  119  7:20  Drone  
  119  7:23  Drone x2  
  119  7:25  Extractor x2  
  119  7:26  Spire, Drone  
  119  7:30  Drone x2  
  119  7:32  Drone  
  120  7:43  Drone x2  
  118  7:46  Roach x2  
  118  7:47  Roach  
  118  7:48  Drone x2  
  126  7:53  Metabolic Boost  
  126  7:55  Zergling x10  
  131  8:00  Overlord  
  131  8:03  Overlord  
  131  8:07  Drone x2  
  131  8:12  Roach x2  
  137  8:26  Ravager  
  138  8:27  Roach x5  
  138  8:28  Roach x4  
  138  8:32  Roach x2  
  153  8:39  Roach x2  
  154  8:47  Roach  
  148  8:52  Overlord  
  148  8:53  Zergling x2  
  148  8:54  Zergling x18  
  154  8:57  Overlord  
  151  9:03  Ravager  
  151  9:05  Ravager  
  150  9:12  Mutalisk x5  
  150  9:15  Mutalisk x2  
  162  9:19  Mutalisk  
  164  9:29  Zergling x20  
  169  9:37  Mutalisk  
  166  9:41  Zergling x4  
  166  9:43  Hatchery  
  165  9:49  Drone  
  165  9:50  Evolution Chamber  
  163  9:55  Zergling x16  
  163  9:57  Ravager  
  172  10:02  Drone x2, Baneling Nest  
  172  10:03  Zergling x2  
  174  10:08  Zergling x6  
  174  10:12  Ravager x8  
  179  10:21  Zergling x14  

Tags
 
Add a new tag
Caveats
  • Supply blocks, unpowered buildings, or Contaminate may cause inaccurate times.
  • Supply counts are checked every 10 seconds.